 Dungeon Sprint DCSS version 0.29-a0-512-gf59ac788ac (webtiles) character file.

Game seed: 17884175420998410370

91 mhtbhm the Skirmisher (level 4, -17/39 HPs)
             Began as a Human Fighter on May 29, 2022.
             Killed from afar by an oklob sapling priest (19 damage)
             ... with a splash of acid
             ... in the Dungeon (Sprint IV: "Fedhas' Mad Dash").
             The game lasted 00:00:30 (437 turns).

mhtbhm the Skirmisher (Human Fighter)                Turns: 437, Time: 00:00:30

Health: -17/39     AC:  1    Str: 18    XL:     4   Next: 87%
Magic:  3/4        EV:  9    Int:  8    God:
Gold:   52         SH:  5    Dex: 13    Spells: 3/3 levels left

rFire   . . .      SeeInvis .   a - +0 long sword
rCold   . . .      Faith    .   c - +0 buckler
rNeg    . . .      Spirit   .   b - +0 scale mail
rPois   .          Reflect  .   (no helmet)
rElec   .          Harm     .   (no cloak)
rCorr   .          Rampage  .   i - +1 pair of gloves
Will    .....      NoTele   +   (no boots)
Stlth   ..........              l - amulet of invisibility {+Inv}
HPRegen 0.13/turn               (no ring)
MPRegen 0.09/turn               (no ring)

@: corroded, very slightly contaminated
A: no striking features
a: Evoke Invisibility


You were in the Dungeon.
You visited 1 branch You collected 52 gold pieces.

Inventory:

Hand Weapons
 a - a +0 long sword (weapon)
Armour
 b - a +0 scale mail (worn)
 c - a +0 buckler (worn)
 i - a +1 pair of gloves (worn)
Jewellery
 k - a ring of ice
 l - the amulet of invisibility (around neck) {+Inv}
   (You found it in the Dungeon)

   [amulet of nothing]

   +Inv:      It lets you turn invisible.
Scrolls
 j - a scroll of blinking
Potions
 d - a potion of might
 e - a potion of curing
 f - a potion of heal wounds
 g - a potion of haste
 h - 2 potions of magic


   Skills:
 + Level 5.5 Fighting
 + Level 3.7 Long Blades
 + Level 5.4 Armour
 + Level 0.1 Dodging
 + Level 5.3 Shields


You had 3 spell levels left.
You didn't know any spells.
Your spell library was empty.

Dungeon Overview and Level Annotations

Branches:
Dungeon (1/1)

Altars:
Cheibriados
Dithmenos
Elyvilon
Gozag
Hepliaklqana
Kikubaaqudgha
Makhleb
Nemelex Xobeh
Okawaru
Qazlal
Ru
Sif Muna
Trog
Uskayaw
Vehumet
Wu Jian
Xom
Yredelemnul
Zin
The Shining One
Beogh
Jiyva
Lugonu

Annotations:
D exclusion: oklob sapling


Message History

No reachable target in view!
No reachable target in view!
No reachable target in view!
Found a corrupted altar of Lugonu and a radiant altar of Vehumet.
There is a hazy altar of Hepliaklqana here.
You hit the oklob sapling priest.
The oklob sapling priest is lightly damaged.
You hit the oklob sapling priest but do no damage.
The oklob sapling priest is lightly damaged.
You flicker for a moment.
You hit the oklob sapling priest but do no damage.
The oklob sapling priest is lightly damaged.
The oklob sapling priest looks encouraged for a moment.
You hit the oklob sapling priest but do no damage.
The oklob sapling priest is lightly damaged.
The oklob sapling priest spits acid at you.
The splash of acid hits you. The acid corrodes you!
You hit the oklob sapling priest but do no damage.
The oklob sapling priest is lightly damaged.
The oklob sapling priest casts a cantrip, but nothing happens.
The oklob sapling priest looks satisfied for a moment.
You hit the oklob sapling priest but do no damage.
The oklob sapling priest is lightly damaged.
You flicker back into view.
You hit the oklob sapling priest but do no damage.
The oklob sapling priest is lightly damaged.
The oklob sapling priest casts a cantrip, but nothing happens.
You hit the oklob sapling priest but do no damage.
The oklob sapling priest is lightly damaged.
You hit the oklob sapling priest but do no damage.
The oklob sapling priest spits acid at you.
The splash of acid hits you!!
Ouch! That really hurt!
* * * LOW HITPOINT WARNING * * *
The acid corrodes you!
You hit the oklob sapling priest.
The oklob sapling priest is lightly damaged.
The oklob sapling priest spits acid at you.
The splash of acid hits you!!
You die...

########################
....#.....#.⌠._._._._.⌠.
....'.#†(.'.._._@_._._..
....#.#...#..._._P_._...
########+##.._._._._._..
#._._._._._.⌠.
##############


You could see an oklob sapling priest.

Vanquished Creatures
  A scorpion (D)
  An oklob sapling (D)
  A river rat (D)
  A rat (D)
4 creatures vanquished.

Notes
Turn   | Place    | Note
-------+----------+-------------------------------------------
     0 | D        | mhtbhm the Human Fighter began the quest for the Orb.
     0 | D        | Reached XP level 1. HP: 18/18 MP: 1/1
    14 | D        | Reached XP level 2. HP: 20/25 MP: 2/2
   173 | D        | Noticed an oklob sapling
   174 | D        | Killed an oklob sapling
   175 | D        | Reached XP level 3. HP: 28/31 MP: 3/3
   384 | D        | Noticed a scorpion
   384 | D        | Found the amulet of invisibility {+Inv}
   388 | D        | Killed a scorpion
   389 | D        | Reached skill level 5 in Fighting
   389 | D        | Reached skill level 5 in Armour
   389 | D        | Reached skill level 5 in Shields
   389 | D        | Reached XP level 4. HP: 39/39 MP: 4/4
   420 | D        | Found an opulent altar of Gozag.
   420 | D        | Found a hazy altar of Hepliaklqana.
   420 | D        | Found a burning altar of Makhleb.
   420 | D        | Found a sparkling altar of Nemelex Xobeh.
   420 | D        | Found a snail-covered altar of Cheibriados.
   420 | D        | Found a sacrificial altar of Ru.
   420 | D        | Found a shimmering blue altar of Sif Muna.
   420 | D        | Found a shimmering altar of Xom.
   420 | D        | Found a basalt altar of Yredelemnul.
   421 | D        | Found a viscous altar of Jiyva.
   421 | D        | Found a bloodstained altar of Trog.
   421 | D        | Found an ornate altar of the Wu Jian Council.
   421 | D        | Noticed an oklob sapling priest
   422 | D        | Found an iron altar of Okawaru.
   422 | D        | Found a shadowy altar of Dithmenos.
   422 | D        | Found a glowing silver altar of Zin.
   423 | D        | Found an ancient bone altar of Kikubaaqudgha.
   423 | D        | Found a hide-covered altar of Uskayaw.
   424 | D        | Found a stormy altar of Qazlal.
   424 | D        | Found a white marble altar of Elyvilon.
   424 | D        | Found a glowing golden altar of the Shining One.
   425 | D        | Found a corrupted altar of Lugonu.
   425 | D        | Found a radiant altar of Vehumet.
   437 | D        | Killed from afar by an oklob sapling priest

Illustrated notes

Levels and vault maps discovered:
D:        dungeon_sprint_fedhas [sprint_temple]

Skill      XL: |  1  2  3 |
---------------+----------+-----
Fighting       | 4 5 |  5.5
Armour         | 4 5 |  5.4
Shields        | 4 5 |  5.3
Long Blades    | 3 |  3.7
Dodging        | |  0.1

Action                   |  1- 3 |  4- 6 || total
-------------------------+-------+-------++-------
Melee: Long sword        |    12 |    10 ||    22
 Abil: Evoke Invisibilit |       |     1 ||     1
  Use: Potion            |     1 |       ||     1
Armor: Scale mail        |     8 |       ||     8
Dodge: Dodged            |     3 |       ||     3
Block: Buckler           |     5 |       ||     5

Table legend: (Time is in decaauts)
 A = Elapsed time spent in this place.
 B = Non-inter-level travel time spent in this place.
 C = Inter-level travel time spent in this place.
 D = Time resting spent in this place.
 E = Time spent auto-exploring this place.
 F = Levels seen in this place.
 G = Mean time per level.
                   A        B        C        D        E       F      G
               +--------+--------+--------+--------+--------+-----+--------+
         Total |    454 |    454 |      0 |    366 |      3 |   1 |  454.0 |
       Dungeon |    454 |    454 |      0 |    366 |      3 |   1 |  454.0 |
               +--------+--------+--------+--------+--------+-----+--------+

Top non-repeatable levels by time:
       D: 454 daAuts
